 Dungeon Crawl Stone Soup version 0.23.2 (webtiles) character file.

Game seed: 11993786868593886039

119 aelisj the Conjurer (level 5, -12/28 HPs)
             Began as a Tengu Conjurer on Apr 10, 2019.
             Mangled by Crazy Yiuf
             ... wielding a +4 quarterstaff of chaos
              (17 damage)
             ... on level 2 of the Dungeon.
             The game lasted 00:17:30 (2349 turns).

aelisj the Conjurer (Tengu Conjurer)                Turns: 2349, Time: 00:17:32

Health: -12/28     AC:  2    Str:  9    XL:     5   Next: 3%
Magic:  5/9        EV: 15    Int: 16    God:
Gold:   104        SH:  0    Dex: 14    Spells: 7/8 levels left

rFire    . . .     SeeInvis .   e - +2 whip (venom)
rCold    . . .     Gourm    .   (no shield)
rNeg     . . .     Faith    .   a - +0 robe
rPois    .         Spirit   .   (helmet restricted)
rElec    .         Reflect  .   (no cloak)
rCorr    .         Harm     .   (no gloves)
MR       .....                  (boots unavailable)
Stlth    ++........             (no amulet)
HPRegen  0.09/turn              (no ring)
MPRegen  0.11/turn              (no ring)

@: flying quickly and evasively, quick
A: beak, talons 3, able to fly
a: Stop Flying


You were on level 2 of the Dungeon.
You were not hungry.

You visited 1 branch of the dungeon, and saw 2 of its levels.

You collected 104 gold pieces.

Inventory:

Hand Weapons
 e - a +2 whip of venom (weapon)
Missiles
 n - 24 arrows
Armour
 a - a +0 robe (worn)
 p - a +0 robe
Scrolls
 b - 2 scrolls of teleportation {unknown}
 d - 2 scrolls of identify {unknown}
 g - a scroll of magic mapping {unknown}
 l - 2 scrolls of remove curse {unknown}
 q - a scroll of amnesia {unknown}
Potions
 f - 3 potions of agility {unknown}
 h - 2 potions of degeneration {unknown}
 i - 2 potions of ambrosia {unknown}
 k - a potion of curing {unknown}
 m - a potion of mutation {unknown}
 o - 2 potions of might {unknown}
Comestibles
 c - 4 rations
 j - a chunk of flesh


   Skills:
 * Level 0.3 Fighting
 - Level 1.2 Maces & Flails
 + Level 2.7 Dodging
 + Level 2.7 Stealth
 * Level 2.3 Spellcasting
 * Level 6.8 Conjurations


You had 7 spell levels left.
You knew the following spells:

 Your Spells              Type           Power        Failure   Level  Hunger
a - Magic Dart            Conj           ###.         1%          1    #......

Your spell library contained the following spells:

 Spells                   Type           Power        Failure   Level  Hunger
 Searing Ray              Conj           ###...       1%          2    ###....
 Iskenderun's Mystic Bla  Conj           ###.....     12%         4    #####..
 Dazzling Spray           Conj/Hex       ##....       14%         3    ###....
 Force Lance              Conj/Tloc      ##......     43%         4    #####..
 Fulminant Prism          Conj/Hex       ##........   43%         4    #####..


Dungeon Overview and Level Annotations

Branches:
Dungeon (2/15)

Altars:

Annotations:
D:2 Crazy Yiuf


Innate Abilities, Weirdness & Mutations

You have a beak for a mouth.
You have claws for feet.
You can fly continuously.


Message History

Confirm with . or Enter, or press ? or * to list all spells.
Aiming: Magic Dart (safe; 1% risk of failure)
Press: ? - help, Shift-Dir - straight line, f/p - Crazy Yiuf
Aim: Crazy Yiuf, wielding a +4 quarterstaff of chaos and wearing a cursed +0 cloak (moderately wounded)
The magic dart hits Crazy Yiuf.
Crazy Yiuf is heavily wounded.
Crazy Yiuf misses you.
Casting: Magic Dart (safe; 1% risk of failure)
Confirm with . or Enter, or press ? or * to list all spells.
Aiming: Magic Dart (safe; 1% risk of failure)
Press: ? - help, Shift-Dir - straight line, f/p - Crazy Yiuf
Aim: Crazy Yiuf, wielding a +4 quarterstaff of chaos and wearing a cursed +0 cloak (heavily wounded)
The magic dart hits Crazy Yiuf.
Crazy Yiuf is severely wounded.
Crazy Yiuf says, "Rifle!
Cholesterol fast King."
Crazy Yiuf hits you with a +4 quarterstaff of chaos!
* * * LOW HITPOINT WARNING * * *
You are electrocuted!
Ouch! That really hurt!
You die...

.#.###.# #........##.
.#..##.# #...........
.##^##.# #.........##
'##..#.# ###.......#.
..##.#.# #.......#.
..##...###♣♣♣♣♣
#..>....#.
..###..##.♣.♣.♣♣♣ ###
#######.##
..'...>......♣..♣#...#
#<...
..####......♣♣♣♣@g...#
##.## ### ##.#..♣♣
♣♣#..)# #... ####♣♣
### ####


You could see Crazy Yiuf.

Vanquished Creatures
  Jessica (D:2)
  3 adders
  A worm (D:2)
  3 dart slugs (D:1)
  2 leopard geckos (D:2)
  5 bats
  A giant cockroach (D:2)
  5 goblins
  3 hobgoblins
  7 jackals
  8 kobolds
  A ball python (D:1)
  2 frilled lizards
  15 rats
57 creatures vanquished.

Notes
Turn   | Place    | Note
-------+----------+-------------------------------------------
     0 | D:1      | aelisj the Tengu Conjurer began the quest for the Orb.
     0 | D:1      | Reached XP level 1. HP: 10/10 MP: 4/4
   144 | D:1      | Reached XP level 2. HP: 15/15 MP: 3/6
   231 | D:1      | Reached skill level 6 in Conjurations
   464 | D:1      | Reached XP level 3. HP: 15/19 MP: 5/7
  1404 | D:2      | Reached XP level 4. HP: 24/24 MP: 6/8
  1565 | D:2      | Noticed Jessica
  1778 | D:2      | Killed Jessica
  1778 | D:2      | Reached skill level 1 in Maces & Flails
  1976 | D:2      | Found a runed translucent door.
  1977 | D:2      | Noticed Crazy Yiuf
  2181 | D:2      | Gained mutation: You can fly continuously. [Tengu growth]
  2181 | D:2      | Reached XP level 5. HP: 28/28 MP: 3/9
  2349 | D:2      | Mangled by Crazy Yiuf

Skill      XL: |  1  2  3  4 |
---------------+-------------+-----
Conjurations   | 6 |  6.8
Maces & Flails | 1 |  1.2
Fighting       | |  0.3
Dodging        | |  2.7
Stealth        | |  2.7
Spellcasting   | |  2.3

Action                   |  1- 3 |  4- 6 || total
-------------------------+-------+-------++-------
Melee: Whip              |    38 |    27 ||    65
       Kick              |     6 |       ||     6
       Peck              |     3 |     3 ||     6
 Cast: Magic Dart        |    42 |    38 ||    80
 Abil: Fly               |       |     1 ||     1
 Stab: Sleeping          |     5 |       ||     5
  Eat: Chunk             |     2 |     4 ||     6
Armor: Robe              |    12 |    11 ||    23
Dodge: Dodged            |    28 |    43 ||    71
